AoeStats
← TireTinTin

Black Forest

511026314Analyzed
3v3 RM · 9h ago on Oct 3, 2026· 37m 40s· 6 players
Game mode
Random Map
Map size
Normal (6 player)
Population
200
Speed
Normal
Resources
Standard
Victory
Conquest
Starting age
Dark Age
Ending age
Imperial Age
RankedLock teamsTeams togetherTeam positionsShared explorationLock speedFull tech treeHidden civsTurbo modeCheats
Victory
Defeat
🇹🇼 Bohemians · Taiwan
1023
+13
🇦🇷 Britons · Argentina
946
+16
🇹🇼 Cumans · Taiwan
919
+17
🇷🇺 Italians · Russia
1001
-17
🇨🇴 Varangians · Colombia
931
-15
🇮🇹 Franks · Italy
912
-14
ChenEn
0:41 Loom
12:03 Feudal Age
16:20 Castle Age
14:57 Double-Bit Axe
16:13 Horse Collar
18:33 Fervor
27:56 Wheelbarrow
31:41 Imperial Age
29:12 Pikeman
29:53 Squires
29:39 Arson
30:57 Chemistry
30:18 Ballistics
30:43 Murder Holes
30:59 Fortified Wall
33:28 Hand Cart
33:40 Bow Saw
34:00 Forging
33:41 Fletching
34:26 Conscription
35:35 Two-Man Saw
35:00 Heavy Plow
34:42 Halberdier
35:47 Wagenburg Tactics
36:18 Bodkin Arrow
36:24 Padded Archer Armor
37:00 Iron Casting
36:26 Scale Mail Armor
TireTinTin
11:05 Feudal Age
11:51 Double-Bit Axe
11:51 Horse Collar
16:53 Gold Mining
19:38 Wheelbarrow
19:31 Stone Mining
19:45 Fletching
22:45 Castle Age
21:52 Padded Archer Armor
23:03 Pikeman
23:44 Squires
23:59 Forging
23:44 Bodkin Arrow
24:22 Crossbowman
27:20 Heavy Plow
27:35 Bow Saw
28:06 Gold Shaft Mining
28:48 Hand Cart
29:03 Leather Archer Armor
31:28 Iron Casting
34:09 Imperial Age
34:18 Loom
36:04 Two-Man Saw
35:01 Elite Longbowman
36:55 Conscription
36:46 Bracer
37:11 Ballistics
37:05 Halberdier
minggawu
0:37 Loom
11:18 Feudal Age
11:23 Man-at-Arms
11:49 Arson
36:21 Horse Collar
36:30 Double-Bit Axe
39:40 Castle Age
B O M B E R
0:28 Loom
12:36 Feudal Age
20:47 Arson
20:23 Man-at-Arms
21:27 Scale Mail Armor
21:38 Forging
30:52 Castle Age
30:25 Double-Bit Axe
30:25 Horse Collar
32:30 Squires
31:50 Long Swordsman
33:48 Bow Saw
Israfillidan
1:51 Loom
12:23 Feudal Age
23:34 Man-at-Arms
26:25 Double-Bit Axe
30:19 Wheelbarrow
32:58 Castle Age
31:09 Fletching
31:59 Padded Archer Armor
35:06 Bodkin Arrow
esmit0000
0:30 Loom
11:44 Feudal Age
13:17 Wheelbarrow
12:27 Town Watch
12:29 Double-Bit Axe
19:12 Castle Age
17:54 Bloodlines
19:38 Forging
22:25 Husbandry
38:46 Imperial Age
37:30 Bow Saw
Connection lost

Rejoining the realm…

Still unreachable

The connection could not be restored.

Session expired

The server has moved on; the page needs a fresh start.